 Dungeon Crawl Stone Soup version 0.25-a0-339-gb37b713 (webtiles) character file.

Game seed: 10064040515416226260, levelgen mode: deterministic

5879 Dietz the Prestidigitator (level 11, -6/81 HPs)
             Began as a Human Artificer on Dec 29, 2019.
             Was a Believer of Qazlal.
             Killed from afar by Psyche (9 damage)
             ... with a puff of frost
             ... on level 8 of the Dungeon.
             The game lasted 00:31:23 (10827 turns).

Dietz the Prestidigitator (Human Artificer)        Turns: 10827, Time: 00:31:24

Health: -6/81      AC: -4    Str: 13    XL:     11   Next: 8%
Magic:  18/18      EV: 19    Int: 12    God:    Qazlal [**....]
Gold:   290        SH: 16    Dex: 26    Spells: 10/10 levels left

rFire    . . .     SeeInvis .   l - +2 short sword (drain)
rCold    . . .     Gourm    .   i - +2 shield
rNeg     . . .     Faith    .   u - +2 ring mail {MR+}
rPois    .         Spirit   .   (no helmet)
rElec    .         Reflect  .   n - +0 cloak
rCorr    .         Harm     .   (no gloves)
MR       +....                  (no boots)
Stlth    ++........             (no amulet)
HPRegen  0.23/turn              v - +5 ring of dexterity
MPRegen  0.16/turn              (no ring)

@: agile, about to teleport, corroded
A: no striking features
a: Upheaval, Renounce Religion


You were on level 8 of the Dungeon.
You worshipped Qazlal.
Qazlal was pleased with you.
You were not hungry.

You visited 2 branches of the dungeon, and saw 9 of its levels.

You collected 493 gold pieces.
You spent 203 gold pieces at shops.

Inventory:

Hand Weapons
 l - a +2 short sword of draining (weapon)
 q - a +1 dagger of venom
 y - a +0 falchion
Armour
 i - a +2 shield (worn)
 n - a +0 cloak (worn)
 u - a +2 ring mail of magic resistance (worn)
 E - a +1 ring mail of fire resistance
Jewellery
 r - an uncursed ring of ice {unknown}
 v - a +5 ring of dexterity (left hand)
Wands
 d - a wand of enslavement (9)
 w - a wand of digging (3)
 B - a wand of polymorph (10)
Scrolls
 b - 3 scrolls of teleportation
 g - a scroll of enchant armour
 h - a scroll of amnesia
 k - 7 scrolls of remove curse
 m - a scroll of enchant weapon
 o - 5 scrolls of magic mapping
 s - a scroll of immolation {unknown}
 A - a scroll of fog
 C - a scroll of random uselessness {unknown}
Potions
 a - 7 potions of brilliance
 c - a potion of curing {unknown}
 j - 2 potions of haste
 p - 2 potions of flight
 t - 2 potions of lignification
 x - a potion of berserk rage {unknown}
 z - a potion of degeneration {unknown}
 D - a potion of magic
Comestibles
 f - 25 rations


   Skills:
 - Level 6.0 Fighting
 - Level 1.0(4.2) Short Blades
 + Level 6.6 Long Blades
 - Level 6.0 Dodging
 - Level 1.0 Stealth
 + Level 5.5 Shields
 + Level 4.1 Invocations
 - Level 10.0 Evocations


You had 10 spell levels left.
You didn't know any spells.
Your spell library contained the following spells:

 Spells                   Type           Power        Failure   Level  Hunger
 Beastly Appendage        Tmut           #.....       94%         1    ##.....
 Summon Small Mammal      Summ           #...         94%         1    ##.....
 Call Imp                 Summ           #.......     98%         2    ###....
 Sticks to Snakes         Tmut           #.......     98%         2    ###....
 Call Canine Familiar     Summ           #.......     100%        3    ####...
 Spider Form              Tmut/Pois      #.........   100%        3    ####...
 Summon Guardian Golem    Hex/Summ       #.......     100%        3    ####...
 Ice Form                 Ice/Tmut       #.......     100%        4    #####..
 Summon Ice Beast         Ice/Summ       #.......     100%        4    #####..
 Summon Lightning Spire   Summ/Air       #.......     100%        4    #####..
 Blade Hands              Tmut           #.........   100%        5    ######.


Dungeon Overview and Level Annotations

Branches:
Dungeon (8/15)             Temple (1/1) D:4
   Lair: D:8-11

Altars:
Ashenzari
Cheibriados
Dithmenos
Elyvilon
Fedhas
Gozag
Hepliaklqana
Kikubaaqudgha
Makhleb
Nemelex Xobeh
Qazlal
Ru
Sif Muna
Trog
Uskayaw
Vehumet
Wu Jian
Xom
Yredelemnul
Zin
The Shining One

Shops:
D:4 ?   D:5 ?

Annotations:
D:8 Psyche


Message History

The acid corrodes you!
You are splashed with acid!
* * * LOW HITPOINT WARNING * * *
You block Psyche's attack.
Press: ? - help, v - describe, . - travel
Here: Psyche, wielding a +3 dagger of chaos, wearing a +0 robe and carrying a wand of acid (3) (severely wounded, fast, heavily drained)
The floor.
Unknown command.
Okay, then.
As you read the scroll of teleportation, it crumbles to dust.
You feel strangely unstable. You block Psyche's attack.
Psyche casts a spell at you. The puff of frost hits you!
* * * LOW HITPOINT WARNING * * *
Psyche casts a spell.
Psyche flickers and vanishes!
Deactivating autopickup; reactivate with Ctrl-A.
You hear some strange, mumbled words.
A puff of frost appears from out of thin air!
The puff of frost hits you!
You die...

..#########...#####. #.#
#.......<...†.. #.#
#.##.#...#####. #.#
#.##.##.## #
#.####.##.##.#### # #
###########......##.##....#
# #
#.............#####.##.##.#
# #
#.#########.#.####(..#.##.#
# # #.#
######.#@##...#.#.##.# # #
#.# #.....{..†..#...#.##.#
# # #.#
#^####.○.†........##.# # #
#.# #.#.#
###.#..#####.##.####
####.##.# #.##
#.#..#####.##.##.. [##.#..#
#§###.#.........#.##..
...###.#
##.##.#.######..#...<.
###.#..##
##.###...........####..
.....##.###..#
###.#######.# #..


There were no monsters in sight!

Vanquished Creatures
  A two-headed ogre (D:5)
  Pikel (D:4)
  2 hippogriffs
  Sigmund (D:2)
  A human (D:7)
  4 hogs (D:7)
  Menkaure (D:6)
  Edmund (D:6)
  A porcupine (D:8)
  3 black bears
  4 sky beasts
  5 ogres
  2 phantoms (D:8)
  2 orc warriors
  A centaur (D:6)
  A crocodile (D:7)
  4 bullfrogs
  A scorpion (D:7)
  4 killer bees (D:8)
  3 wights
  A howler monkey (D:6)
  2 jellies (D:7)
  7 orc priests
  A hound (D:6)
  8 orc wizards
  A centaur skeleton (D:4)
  An iguana (D:5)
  Natasha (thrice) (D:2)
  5 worker ants
  A killer bee zombie (D:7)
  A hound skeleton (D:4)
  A howler monkey zombie (D:6)
  8 adders
  2 shadow imps
  4 oozes
  An adder skeleton (D:5)
  9 worms
  3 leopard geckos
  19 orcs
  5 bats
  5 giant cockroaches
  11 goblins
  10 hobgoblins
  22 jackals
  12 kobolds
  3 ball pythons
  A ball python skeleton (D:6)
  3 frilled lizards
  2 leopard gecko skeletons
  2 quokka skeletons
  A quokka zombie (D:6)
  6 rats
204 creatures vanquished.

Vanquished Creatures (others)
  2 slaves (D:5)
  3 wights (D:5)
  7 fungi (D:8)
12 creatures vanquished.

Grand Total: 216 creatures vanquished

Notes
Turn   | Place    | Note
-------+----------+-------------------------------------------
     0 | D:1      | Dietz the Human Artificer began the quest for the Orb.
     0 | D:1      | Reached XP level 1. HP: 15/15 MP: 3/3
   212 | D:1      | Reached XP level 2. HP: 7/21 MP: 4/4
   498 | D:1      | Reached skill level 4 in Evocations
   498 | D:1      | Reached XP level 3. HP: 6/26 MP: 4/6
  1455 | D:1      | Reached XP level 4. HP: 29/32 MP: 7/7
  1697 | D:2      | Noticed Sigmund
  1799 | D:2      | Reached skill level 5 in Evocations
  1982 | D:2      | Found a burning altar of Makhleb.
  2091 | D:2      | Noticed Natasha
  2106 | D:2      | Killed Natasha
  2106 | D:2      | Reached XP level 5. HP: 24/37 MP: 7/9
  2227 | D:2      | Killed Sigmund
  2227 | D:2      | Reached skill level 6 in Evocations
  2227 | D:2      | Reached XP level 6. HP: 43/43 MP: 9/11
  2370 | D:2      | Noticed Natasha
  2381 | D:2      | Killed Natasha
  2390 | D:2      | Noticed Natasha
  2393 | D:2      | Killed Natasha
  2393 | D:2      | Reached skill level 7 in Evocations
  2682 | D:3      | Found a sparkling altar of Nemelex Xobeh.
  2682 | D:3      | Found a radiant altar of Vehumet.
  3225 | D:3      | Found an opulent altar of Gozag.
  3564 | D:3      | Reached XP level 7. HP: 18/48 MP: 12/12
  3879 | D:4      | Found Juedo's Magic Scroll Shoppe.
  3893 | D:4      | Bought a scroll of fear for 38 gold pieces
  3893 | D:4      | Bought a scroll of remove curse for 33 gold pieces
  3893 | D:4      | Bought 2 scrolls of identify for 44 gold pieces
  3893 | D:4      | Bought a scroll of identify for 22 gold pieces
  4272 | D:4      | Found a staircase to the Ecumenical Temple.
  4285 | D:4      | Reached skill level 8 in Evocations
  4314 | Temple   | Entered the Ecumenical Temple
  4524 | Temple   | Became a worshipper of Qazlal Stormbringer
  5231 | D:5      | Entered Level 5 of the Dungeon
  5280 | D:5      | Noticed Pikel
  5320 | D:4      | Killed Pikel
  5320 | D:4      | Reached XP level 8. HP: 38/59 MP: 14/14
  5588 | D:5      | Reached * piety under Qazlal
  5805 | D:5      | Reached skill level 9 in Evocations
  5852 | D:5      | Reached XP level 9. HP: 65/65 MP: 15/15
  5946 | D:5      | Reached skill level 1 in Long Blades
  6032 | D:5      | Found Herho's Magic Scroll Emporium.
  6036 | D:5      | Bought a scroll of noise for 11 gold pieces
  6036 | D:5      | Bought a scroll of fog for 22 gold pieces
  6036 | D:5      | Bought a scroll of teleportation for 33 gold pieces
  6038 | D:5      | Noticed a two-headed ogre
  6323 | D:5      | Killed a two-headed ogre
  6323 | D:5      | Reached skill level 5 in Fighting
  6323 | D:5      | Reached skill level 5 in Dodging
  6838 | D:6      | Found an opulent altar of Gozag.
  7382 | D:6      | Found a glowing golden altar of the Shining One.
  7382 | D:6      | Found a sacrificial altar of Ru.
  7433 | D:6      | Reached skill level 1 in Shields
  7870 | D:6      | Reached XP level 10. HP: 58/76 MP: 17/17
  8013 | D:6      | Noticed Edmund
  8023 | D:6      | Killed Edmund
  8269 | D:7      | Reached skill level 10 in Evocations
  8524 | D:7      | Reached skill level 5 in Long Blades
  8537 | D:7      | Noticed Menkaure
  8729 | D:6      | Killed Menkaure
  8902 | D:7      | Reached ** piety under Qazlal
  9088 | D:7      | Found a hazy altar of Hepliaklqana.
  9211 | D:7      | Reached skill level 1 in Invocations
 10268 | D:8      | Reached skill level 5 in Shields
 10516 | D:8      | Reached XP level 11. HP: 58/81 MP: 15/18
 10803 | D:8      | Noticed Psyche
 10814 | D:8      | Paralysed by Psyche for 2 turns
 10824 | D:8      | HP: 4/81 [acid (10)]
 10827 | D:8      | Killed from afar by Psyche

Levels and vault maps discovered:
D:1:      dpeg_arrival_stone_temple_mockup, layout_basic
D:2:      layout_loops_ring, old_standard_altar, item_on_display_b,
          uniq_sigmund, uniq_natasha
D:3:      layout_basic, gammafunk_temple_overflow_pools,
          overflow_temple_1_default, cheibrodos_sewer_entry_bend
D:4:      layout_gridville, minmay_temple_entry_proselytizer, first_ration,
          serial_shops, nicolae_shop_statue_plus
D:5:      layout_cave_pools, serial_shops, shop_fountains, minmay_crystal_water,
          uniq_pikel
D:6:      layout_basic, gammafunk_temple_overflow_elements,
          nicolae_gozag_seed_capital, uniq_edmund
D:7:      layout_basic, lemuel_coloured_pillars_altar, grunt_livestock,
          uniq_menkaure
D:8:      layout_loops_ring, grunt_lair_entry_orc_guard_hut, uniq_psyche
Temple:   eino_temple_water

Skill      XL: |  1  2  3  4  5  6  7  8  9 10 11 |
---------------+----------------------------------+-----
Evocations     | 4 5 6 7 8 9 10 | 10.0
Fighting       | 3 4 5 6 |  6.0
Dodging        | 4 5 6 |  6.0
Long Blades    | 3 6 |  6.6
Shields        | 1 5 |  5.5
Invocations    | 3 4 |  4.1
Short Blades   | |  1.0
Stealth        | |  1.0

Action                   |  1- 3 |  4- 6 |  7- 9 | 10-12 || total
-------------------------+-------+-------+-------+-------++-------
Melee: Short sword       |   138 |   129 |   307 |   370 ||   944
Invok: Upheaval          |       |       |       |     1 ||     1
Evoke: Wand              |     4 |     7 |    24 |     4 ||    39
  Use: Scroll            |       |     2 |     7 |     4 ||    13
       Potion            |       |     1 |     1 |     3 ||     5
 Stab: Sleeping          |     1 |     5 |       |       ||     6
       Distracted        |       |     1 |       |       ||     1
       Paralysed         |       |     4 |       |     5 ||     9
  Eat: Chunk             |     1 |     6 |    14 |    11 ||    32
Armor: Leather armour    |    49 |    23 |    36 |       ||   108
       Ring mail         |       |       |    74 |    92 ||   166
Dodge: Dodged            |    94 |    61 |   183 |   234 ||   572
Block: Other             |       |       |     9 |    38 ||    47
       Shield            |       |       |       |     9 ||     9

Table legend:
 A = Non-vault XP
 B = Vault XP
 C = Vault XP percentage of total XP
 D = Non-vault monster count
 E = Vault monster count
 F = Vault count percentage of total count
                 A         B        C        D         E       F
            +---------+---------+-------+---------+---------+-------
      Total |    5668 |    2731 |  32.5 |     187 |      18 |   8.8
            +---------+---------+-------+---------+---------+-------
        D:1 |      71 |       0 |   0.0 |      35 |       0 |   0.0
        D:2 |     137 |     253 |  64.9 |      20 |       2 |   9.1
        D:3 |      53 |      15 |  22.1 |      21 |       3 |  12.5
        D:4 |     320 |     676 |  67.9 |      17 |       2 |  10.5
        D:5 |    1617 |       0 |   0.0 |      21 |       0 |   0.0
        D:6 |     835 |     341 |  29.0 |      30 |       2 |   6.2
        D:7 |    1050 |     986 |  48.4 |      17 |       5 |  22.7
        D:8 |    1585 |     460 |  22.5 |      26 |       4 |  13.3
            +---------+---------+-------+---------+---------+-------
